 Dungeon Crawl Stone Soup version 0.19.5 (webtiles) character file.

36108 blueshrew the Severer (level 13, -1/122 HPs)
             Began as a Minotaur Fighter on Apr 3, 2017.
             Was a High Priest of Trog.
             Slain by a six-headed hydra (5 damage)
             ... on level 6 of the Lair of Beasts on Apr 4, 2017.
             The game lasted 00:43:15 (11541 turns).

blueshrew the Severer (Minotaur Fighter)           Turns: 11541, Time: 00:43:15

Health: -1/122     AC: 19    Str: 24    XL:     13   Next: 51%
Magic:  12/12      EV:  2    Int:  5    God:    Trog [*****.]
Gold:   1064       SH:  0    Dex: 16    Spells: 0 memorised, 12 levels left

rFire  + . .     SeeInvis +     H - +2 war axe (venom)
rCold  . . .     Gourm    .     x - +0 plate armour
rNeg   + + +     Faith    +     c - +0 shield
rPois  ∞         Spirit   .     (helmet unavailable)
rElec  .         Reflect  .     y - +2 cloak
rCorr  .         Harm     .     M - +0 pair of gloves
MR     .....                    o - +0 pair of boots
Stlth  ..........               C - amulet of faith
                                X - +4 ring of strength
                                W - ring of Amelioration {rF+ SInv}

@: petrified
A: retaliatory headbutt, horns 3, iridescent scales 1, camouflage 1, deformed
body, deterioration 1
a: Berserk, Trog's Hand, Brothers in Arms, Burn Spellbooks, Renounce Religion


You were on level 6 of the Lair of Beasts.
You worshipped Trog.
Trog was extremely pleased with you.
You were not hungry.

You visited 3 branches of the dungeon, and saw 15 of its levels.

You collected 1064 gold pieces.

Inventory:

Hand Weapons
 a - a +2 war axe
 g - a cursed -3 dagger
 l - a +0 shortbow
 v - a +2 hand axe of flaming
 H - a +2 war axe of venom (weapon)
Missiles
 e - 128 arrows
 j - 4 needles of sleeping
 A - 5 tomahawks (quivered)
Armour
 c - a +0 shield (worn)
 o - a +0 pair of boots (worn)
 w - a +2 ring mail of fire resistance
 x - a +0 plate armour (worn)
 y - a +2 cloak (worn)
 J - a +0 hat
 M - a +0 pair of gloves (worn)
Jewellery
 C - an amulet of faith (around neck)
 S - a +3 ring of dexterity
 U - an uncursed amulet of guardian spirit
 W - the ring of Amelioration (left hand) {rF+ SInv}
   (You found it on level 4 of the Lair of Beasts)

   [ring of see invisible]

   It protects you from fire.
   It lets you see invisible.
 X - a +4 ring of strength (right hand)
Wands
 h - a wand of flame (15/48)
 i - a wand of random effects (15/48)
 q - a wand of iceblast (7/15)
 E - a wand of polymorph (13/24)
 I - a wand of disintegration (16/24)
 L - a wand of confusion (20/48)
 O - a wand of flame (18/48)
 R - a wand of enslavement (17/24)
 V - a wand of lightning (5/15)
Scrolls
 b - 6 scrolls of remove curse
 k - 7 scrolls of teleportation
 K - 2 scrolls of recharging
 Q - a scroll of blinking
Potions
 m - 2 potions of agility
 n - 3 potions of cancellation
 p - 2 potions of ambrosia
 r - 3 potions of lignification
 z - a potion of berserk rage
 B - 3 potions of haste
 D - a potion of resistance
 F - 2 potions of flight
 N - 2 potions of heal wounds {unknown}
Comestibles
 d - 31 chunks of flesh
 f - 11 bread rations
 s - 15 fruits
 t - 2 meat rations
 G - 2 beef jerkies


   Skills:
 - Level 13.0 Fighting
 + Level 15.5 Axes
 - Level 12.0 Armour
 + Level 9.2 Dodging
 - Level 12.0 Shields


You had 12 spell levels left.
You didn't know any spells.

Dungeon Overview and Level Annotations

Branches:
Dungeon (8/15)             Temple (1/1) D:4            Lair (6/6) D:8
  Swamp (0/4) Lair:2       Spider (0/4) Lair:4        Slime (0/5) Lair:5

Altars:
Ashenzari
Cheibriados
Dithmenos
Fedhas
Gozag
Hepliaklqana
Kikubaaqudgha
Makhleb
Nemelex Xobeh
Okawaru
Ru
Sif Muna
Trog
Uskayaw
Vehumet
Xom
Yredelemnul
Zin
The Shining One
Jiyva

Shops:
D:5 [


Innate Abilities, Weirdness & Mutations

You reflexively headbutt those who attack you in melee.
You have a pair of large horns on your head.
You are partially covered in iridescent scales. (AC +2)
Your skin changes colour to match your surroundings (Stealth+).
Armour fits poorly on your strangely shaped body.
Your body sometimes deteriorates upon taking damage.


Message History

The six-headed hydra bites you but does no damage.
The catoblepas gores you.
* * * LOW HITPOINT WARNING * * *
You are engulfed in calcifying dust.
The dream sheep bites you!
* * * LOW HITPOINT WARNING * * *
The six-headed hydra bites you!
* * * LOW HITPOINT WARNING * * *
The six-headed hydra bites you but does no damage. x2
The six-headed hydra bites you!
* * * LOW HITPOINT WARNING * * *
The six-headed hydra bites you!
* * * LOW HITPOINT WARNING * * *
The six-headed hydra bites you.
* * * LOW HITPOINT WARNING * * *
The catoblepas gores you!!
* * * LOW HITPOINT WARNING * * *
You are engulfed in calcifying dust.
The dream sheep bites you.
The six-headed hydra bites you but does no damage. x3
The six-headed hydra bites you!
You die...

..........##
######...#.....#
.........##
###.#.P####.....##
........##
#.#....#.......P#
........#
##.............##
.......#.#
##..§.%........##
...÷....##
#P..§.÷..#...P##
..)....P#
##...§#†###.....# ###
........#
#....§#...####### #..
...P....# #P..†@##..#
#.. ...[....#
#...YYD...# ##.
...#...######....#####
#. ..)....##.# ##....
## ...P......# ##.#..
## ...#......## .. ...
#P ...........# ..#
...# ######
...P...P..# .. ....
##.#.## ...P...####
### ....# #...###


You could see a catoblepas, a six-headed hydra and a dream sheep.

Vanquished Creatures
  Gastronok (Lair:1)
  5 hydras
  A catoblepas (Lair:4)
  2 death yaks (Lair:6)
  The ghost of letownia the Digger, a novice FoEE of Gozag (D:6)
  A lindwurm (Lair:5)
  Pikel (D:8)
  A manticore (Lair:6)
  15 elephants
  4 black mambas
  The ghost of schorsch312 the Chopper, a novice HOFi (D:5)
  Joseph (D:7)
  14 spiny frogs
  7 komodo dragons
  2 rime drakes
  A troll (D:8)
  15 blink frogs
  5 hippogriffs
  A dream sheep (Lair:6)
  A redback (Lair:4)
  Sigmund (D:4)
  23 yaks
  Eustachio (D:4)
  A steam dragon (D:8)
  8 water moccasins
  6 porcupines
  2 sky beasts (D:6)
  An ice beast (D:7)
  A swamp drake (Lair:2)
  2 orc warriors
  A necrophage (D:5)
  A phantom (D:8)
  3 slaves (D:8)
  7 wolves
  7 ogres
  2 centaurs
  19 crocodiles
  5 bullfrogs
  Blork the orc (D:6)
  5 wights (D:8)
  A howler monkey (D:6)
  3 crimson imps
  2 hounds
  4 orc wizards
  A centaur skeleton (D:6)
  3 orc priests
  2 bullfrog skeletons
  A jelly (Lair:5)
  An iguana (Lair:2)
  7 worker ants
  A killer bee zombie (D:5)
  A hound zombie (D:7)
  A hound skeleton (D:6)
  4 adders
  4 gnolls (D:7)
  A river rat (D:8)
  4 oozes
  2 adder zombies (D:6)
  3 adder skeletons
  2 worms
  A dart slug (D:3)
  6 leopard geckos
  28 orcs
  13 bats
  5 giant cockroaches
  2 gnoll zombies (D:2)
  4 goblins
  7 hobgoblins
  3 jackals (D:5)
  8 kobolds
  A quokka (D:3)
  4 frilled lizards
  A leopard gecko skeleton (D:8)
  A leopard gecko zombie (D:8)
  3 quokka skeletons
  A quokka zombie (D:8)
  14 rats
  9 fungi
  3 plants
339 creatures vanquished.

Vanquished Creatures (others)
  A frilled lizard (Lair:2)
  A fungus (Lair:4)
  5 plants (Lair:6)
7 creatures vanquished.

Grand Total: 346 creatures vanquished

Notes
Turn   | Place    | Note
-------+----------+-------------------------------------------
     0 | D:1      | blueshrew the Minotaur Fighter began the quest for the Orb.
     0 | D:1      | Reached XP level 1. HP: 19/19 MP: 0/0
     7 | D:1      | You fall through a shaft!
    51 | D:2      | Reached XP level 2. HP: 22/27 MP: 1/1
   250 | D:1      | Reached XP level 3. HP: 19/33 MP: 2/2
   476 | D:1      | Reached skill level 3 in Axes
  1143 | D:2      | Found a basalt altar of Yredelemnul.
  1211 | D:3      | Reached XP level 4. HP: 38/40 MP: 3/3
  1712 | D:3      | Reached XP level 5. HP: 25/47 MP: 4/4
  1715 | D:3      | Reached skill level 5 in Armour
  2101 | D:3      | Reached skill level 4 in Axes
  2272 | D:4      | Noticed Sigmund
  2280 | D:4      | Killed Sigmund
  2280 | D:4      | Reached skill level 5 in Fighting
  2280 | D:4      | Reached skill level 5 in Shields
  2280 | D:4      | Reached XP level 6. HP: 41/56 MP: 5/5
  2307 | D:4      | Gained mutation: You have a pair of large horns on your head. [potion of mutation]
  2307 | D:4      | Gained mutation: Armour fits poorly on your strangely shaped body. [potion of mutation]
  2307 | D:4      | Gained mutation: You are partially covered in iridescent scales. (AC +2) [potion of mutation]
  2323 | D:4      | Reached XP level 7. HP: 29/62 MP: 6/6
  2371 | D:4      | Reached skill level 5 in Axes
  2614 | D:4      | Found a staircase to the Ecumenical Temple.
  2812 | Temple   | Entered the Ecumenical Temple
  2922 | Temple   | Became a worshipper of Trog the Wrathful
  3197 | D:4      | Noticed Eustachio
  3215 | D:4      | Killed Eustachio
  3400 | D:5      | Entered Level 5 of the Dungeon
  3467 | D:5      | Found Sopumi's Antique Armour Shop.
  3484 | D:5      | Noticed schorsch312's ghost (novice HOFi)
  3495 | D:5      | Killed schorsch312's ghost
  3495 | D:5      | Reached skill level 6 in Axes
  3495 | D:5      | Reached XP level 8. HP: 15/71 MP: 7/7
  4002 | D:5      | Reached skill level 7 in Axes
  4003 | D:5      | Found a hazy altar of Hepliaklqana.
  4044 | D:5      | Reached * piety under Trog
  4444 | D:6      | Noticed Blork the orc
  4449 | D:6      | Killed Blork the orc
  4449 | D:6      | Reached XP level 9. HP: 79/80 MP: 8/8
  4486 | D:6      | Noticed letownia's ghost (novice FoEE)
  4498 | D:6      | Reached ** piety under Trog
  4500 | D:6      | Killed letownia's ghost
  4500 | D:6      | Reached skill level 8 in Axes
  4525 | D:6      | Gained mutation: Your body sometimes deteriorates upon taking damage. [mutagenic meat]
  4526 | D:6      | Gained mutation: Your skin changes colour to match your surroundings (Stealth+). [mutagenic meat]
  4945 | D:7      | Noticed Joseph
  4952 | D:7      | Killed Joseph
  5129 | D:7      | Found a snail-covered altar of Cheibriados.
  5258 | D:7      | Found a sacrificial altar of Ru.
  5512 | D:8      | Noticed Pikel
  5515 | D:8      | Reached skill level 9 in Axes
  5522 | D:8      | Killed Pikel
  5522 | D:8      | Reached XP level 10. HP: 90/90 MP: 9/9
  5523 | D:8      | Reached *** piety under Trog
  5962 | D:8      | Reached skill level 10 in Armour
  6014 | D:8      | Found a staircase to the Lair.
  6069 | Lair:1   | Entered Level 1 of the Lair of Beasts
  6084 | Lair:1   | Noticed a spiny frog
  6096 | Lair:1   | Killed a spiny frog
  6096 | Lair:1   | Reached skill level 10 in Shields
  6206 | Lair:1   | Reached skill level 10 in Fighting
  6233 | Lair:1   | Reached skill level 10 in Axes
  6320 | Lair:1   | Reached **** piety under Trog
  6669 | Lair:1   | Noticed Gastronok
  6789 | Lair:1   | Killed Gastronok
  6789 | Lair:1   | Reached XP level 11. HP: 100/100 MP: 10/10
  7029 | Lair:2   | HP: 5/101 [poisoned by a spiny frog]
  7139 | Lair:2   | Reached skill level 11 in Axes
  7422 | Lair:2   | Found a staircase to the Swamp.
  8189 | Lair:3   | Noticed a six-headed hydra
  8202 | Lair:3   | Killed an 11-headed hydra
  8551 | Lair:3   | Noticed a seven-headed hydra
  8558 | Lair:3   | Killed a ten-headed hydra
  8558 | Lair:3   | Reached XP level 12. HP: 112/112 MP: 11/11
  8586 | Lair:3   | Reached skill level 12 in Axes
  8792 | Lair:4   | Found a hole to the Spider Nest.
  9508 | Lair:4   | Noticed a catoblepas
  9535 | Lair:4   | Killed a catoblepas
  9741 | Lair:4   | Got an ancient steel ring
  9743 | Lair:4   | Identified the ring of Amelioration {rF+ SInv} (You found it on level 4 of the Lair of Beasts)
 10079 | Lair:5   | Reached skill level 1 in Dodging
 10144 | Lair:5   | Reached skill level 13 in Axes
 10230 | Lair:5   | Reached ***** piety under Trog
 10265 | Lair:5   | Found a runed door.
 10265 | Lair:5   | Found a viscous altar of Jiyva.
 10265 | Lair:5   | Found a staircase to the Slime Pits.
 10649 | Lair:5   | Reached skill level 5 in Dodging
 10747 | Lair:6   | Entered Level 6 of the Lair of Beasts
 10748 | Lair:6   | Noticed an eight-headed hydra
 10756 | Lair:6   | Killed a 13-headed hydra
 10810 | Lair:6   | Noticed an eight-headed hydra
 10824 | Lair:6   | Killed a 16-headed hydra
 10824 | Lair:6   | Reached skill level 14 in Axes
 10870 | Lair:6   | Received a gift from Trog
 10914 | Lair:6   | Reached XP level 13. HP: 122/122 MP: 12/12
 11424 | Lair:6   | Reached skill level 15 in Axes
 11540 | Lair:6   | HP: 3/122 [catoblepas (10)]
 11541 | Lair:6   | Slain by a six-headed hydra

Skill      XL: |  1  2  3  4  5  6  7  8  9 10 11 12 13 |
---------------+----------------------------------------+-----
Fighting       | 4 5 6 7 9 10 12 13 | 13.0
Armour         | 4 5 7 8 9 11 12 | 12.0
Shields        | 4 5 6 7 9 11 12 | 12.0
Axes           | 3 4 6 7 9 10 11 14 15 | 15.5
Dodging        | 6 9 |  9.2

Action                   |  1- 3 |  4- 6 |  7- 9 | 10-12 | 13-15 || total
-------------------------+-------+-------+-------+-------+-------++-------
Melee: War axe           |    96 |    76 |   258 |   502 |    77 ||  1009
       Headbutt          |    15 |    11 |    56 |   145 |    45 ||   272
       Hand axe          |       |       |       |       |    54 ||    54
Invok: Burn Spellbooks   |       |       |     2 |     2 |       ||     4
       Berserk           |       |       |     3 |    11 |     2 ||    16
       Trog's Hand       |       |       |       |     7 |     4 ||    11
  Use: Scroll            |       |     9 |     5 |    17 |     1 ||    32
       Potion            |       |     3 |       |     2 |     1 ||     6
 Stab: Confused          |       |       |       |     1 |       ||     1
  Eat: Chunk             |     1 |     4 |    15 |    19 |     7 ||    46
       Pizza             |       |       |       |     3 |       ||     3
       Royal jelly       |       |       |       |     1 |       ||     1
       Meat ration       |       |       |       |     1 |       ||     1
Armor: Scale mail        |    40 |       |       |       |       ||    40
       Plate armour      |    12 |    58 |   120 |   249 |    54 ||   493
Dodge: Dodged            |    18 |    12 |    51 |   121 |    52 ||   254
Block: Shield            |    51 |    34 |   135 |   315 |    82 ||   617
